 Dungeon Crawl Stone Soup version 0.26.1-11-gd32895ea62 (webtiles) character file.

Game seed: 3482624578662447735

1150 MisterFreud the Covert (level 8, 0/34 HPs)
             Began as a Felid Berserker on May 15, 2021.
             Was an Elder of Trog.
             Slain by an orc warrior
             ... wielding a +0 battleaxe
              (24 damage)
             ... on level 7 of the Dungeon.
             The game lasted 00:08:38 (7442 turns).

MisterFreud the Covert (Felid Berserker)            Turns: 7442, Time: 00:08:39

Health: 0/34       AC:  2    Str: 13    XL:     8   Next: 15%
Magic:  9/9        EV: 24    Int:  8    God:    Trog [****..]
Gold:   313        SH:  0    Dex: 18    Spells: 7/7 levels left
                                        Lives:  0   Deaths: 2

rFire    . . .     SeeInvis +     - Unarmed
rCold    . . .     Faith    .   (shield unavailable)
rNeg     . . .     Spirit   .   (armour unavailable)
rPois    .         Reflect  .   (helmet unavailable)
rElec    .         Harm     .   (cloak unavailable)
rCorr    .         Rampage  .   (gloves unavailable)
Will     +....                  (boots unavailable)
Stlth    ++++++....             (no amulet)
HPRegen  0.11/turn              s - ring of stealth
MPRegen  0.11/turn              (no ring)

@: quick
A: very small, no armour, no weapons or thrown items, stealth, claws 1, fangs 3,
see invisible, speed 1, shaggy fur 2, sharp paws
a: Renounce Religion, Berserk, Trog's Hand, Brothers in Arms


You were on level 7 of the Dungeon.
You worshipped Trog.
Trog was greatly pleased with you.
You visited 1 branch of the dungeon, and saw 7 of its levels.

You collected 313 gold pieces.

Inventory:

Jewellery
 s - a ring of stealth (left paw)
Wands
 i - a wand of polymorph (5)
 k - a wand of paralysis (23)
 q - a wand of iceblast (9)
 r - a wand of random effects (17)
Scrolls
 c - 2 scrolls of identify
 g - a scroll of blinking
 n - 3 scrolls of teleportation
 o - a scroll of remove curse
 p - a scroll of fear
Potions
 a - 3 potions of lignification
 b - 2 potions of flight
 d - 5 potions of heal wounds
 e - 2 potions of cancellation
 f - 6 potions of curing
 h - 2 potions of mutation
 j - 3 potions of magic
 l - a potion of brilliance {unknown}
 m - 3 potions of attraction
 t - a potion of berserk rage
 w - a potion of haste


   Skills:
 - Level 3.0 Fighting
 - Level 8.0 Dodging
 - Level 10.0 Stealth
 + Level 8.0 Unarmed Combat
 - Level 5.0 Evocations


You had 7 spell levels left.
You didn't know any spells.
Your spell library was empty.

Dungeon Overview and Level Annotations

Branches:
Dungeon (7/15)             Temple (0/1) D:7

Altars:
Ashenzari
Cheibriados
Dithmenos
Elyvilon
Fedhas
Hepliaklqana
Kikubaaqudgha
Okawaru
Qazlal
Ru
Sif Muna
Uskayaw
Xom
The Shining One

Annotations:
D:5 2 transporters, kthxbai's ghost, novice OpTm


Innate Abilities, Weirdness & Mutations

You cannot wear armour.
You are incapable of wielding weapons or throwing items.
Your paws allow you to move quietly. (Stealth)
You have sharp claws.
You have razor-sharp teeth.
You have supernaturally acute eyesight. (SInv)
You cover ground quickly.
You are covered in thick fur. (AC +2)
Your sharp claws are effective at attacking unaware monsters.


Message History

You feel yourself slow down.
You start resting.
You feel yourself speed up.
You start resting.
You recover from your berserk rage.
You start resting.
An orc wizard is nearby!
An orc wizard is nearby!
An orc wizard is nearby!
An orc wizard is nearby!
An orc warrior comes into view. It is wielding a +0 battleaxe.
There are monsters nearby!
An orc comes into view. It is wielding a +0 mace.
You pounce on the helpless orc from behind!
You mangle the orc!!
You kill the orc!
Trog accepts your kill.
The orc warrior hits you with a +0 battleaxe!!
Ouch! That really hurt!
You die...

#.......##.#...8.......
#.....>....#######.....
#..............########
#.......########≈≈≈≈≈≈
#.......# #≈≈≈.
#.......# ###≈≈♣
#####.###### #.)).♣.♣
#..o.o.....# #.')..♣
#.....o@...####.#≈≈♣.♣
#......).....##.#≈≈≈..≈
#######.........#≈≈≈≈≈≈≈
#.....<....########
#..................
#................##
#................#
#......>.........#
#................#


You could see an orc warrior, an orc wizard (wandering) and an orc (wandering).

Vanquished Creatures
  A water moccasin (D:7)
  2 sky beasts
  An orc warrior (D:6)
  6 ogres
  A phantom (D:5)
  A centaur (D:4)
  A wyvern skeleton (D:6)
  A scorpion (D:6)
  An electric eel (D:7)
  A bullfrog zombie (D:5)
  5 hounds
  A quasit (D:5)
  2 jellies (D:2)
  6 orc priests
  A centaur skeleton (D:4)
  6 orc wizards
  2 bullfrog skeletons
  Jessica (D:2)
  3 worker ants
  Natasha (thrice) (D:2)
  Ijyb (D:4)
  A mummy (D:6)
  10 gnolls
  6 adders
  A shadow imp (D:5)
  2 ufetubi
  9 oozes (D:2)
  An adder skeleton (D:5)
  2 leopard geckos
  26 orcs
  3 ball pythons
  9 bats
  2 giant cockroaches (D:1)
  7 goblins
  4 hobgoblins
  9 jackals
  13 kobolds
  5 frilled lizards
  A giant cockroach zombie (D:6)
  2 leopard gecko skeletons
  6 rats
166 creatures vanquished.

Vanquished Creatures (others)
  An orc (D:7)
  A fungus (D:2)
  8 toadstools (D:2)
10 creatures vanquished.

Grand Total: 176 creatures vanquished

Notes
Turn   | Place    | Note
-------+----------+-------------------------------------------
     0 | D:1      | MisterFreud the Felid Berserker began the quest for the
                  | Orb.
     0 | D:1      | Reached XP level 1. HP: 10/10 MP: 2/2
    74 | D:1      | Reached skill level 1 in Stealth
   400 | D:1      | Reached XP level 2. HP: 14/14 MP: 3/3
   773 | D:1      | Reached skill level 2 in Stealth
  1000 | D:2      | Noticed Jessica
  1005 | D:2      | Killed Jessica
  1006 | D:2      | Reached skill level 3 in Stealth
  1006 | D:2      | Reached XP level 3. HP: 17/17 MP: 4/4
  1044 | D:2      | Reached XP level 4. HP: 21/21 MP: 5/5
  1051 | D:2      | Reached skill level 4 in Stealth
  1219 | D:2      | Noticed Natasha
  1226 | D:2      | Killed Natasha
  1232 | D:2      | Reached ** piety under Trog
  1233 | D:2      | Noticed Natasha
  1237 | D:2      | Reached XP level 5. HP: 18/24 MP: 6/6
  1240 | D:2      | Killed Natasha
  1250 | D:2      | Noticed Natasha
  1257 | D:2      | Killed Natasha
  1258 | D:2      | Reached skill level 5 in Stealth
  1429 | D:2      | Reached skill level 5 in Unarmed Combat
  1503 | D:2      | Found an iron altar of Okawaru.
  1889 | D:2      | Reached skill level 5 in Dodging
  1925 | D:2      | Gained mutation: You are covered in thick fur. (AC +2)
                  | [Felid growth]
  1925 | D:2      | Reached XP level 6. HP: 18/28 MP: 7/7
  2252 | D:2      | Found a white marble altar of Elyvilon.
  2342 | D:3      | Found a hide-covered altar of Uskayaw.
  2746 | D:3      | Found a shimmering altar of Xom.
  2757 | D:3      | Reached *** piety under Trog
  2870 | D:3      | Reached skill level 1 in Evocations
  2984 | D:3      | Found a shimmering blue altar of Sif Muna.
  3400 | D:4      | Reached XP level 7. HP: 21/31 MP: 8/8
  3617 | D:4      | Noticed Ijyb
  3634 | D:4      | Killed Ijyb
  3827 | D:4      | Killed from afar by an orc wizard
  3828 | D:4      | Reached XP level 6. HP: -5/28 MP: 7/7
  4016 | D:4      | Reached skill level 5 in Evocations
  4016 | D:4      | Reached XP level 7. HP: 28/31 MP: 8/8
  4229 | D:5      | Entered Level 5 of the Dungeon
  4578 | D:5      | Reached skill level 6 in Stealth
  4599 | D:5      | Found a shadowy altar of Dithmenos.
  4616 | D:5      | Found a transporter.
  4621 | D:5      | Noticed kthxbai's ghost (novice OpTm)
  4631 | D:5      | Found a transporter.
  4753 | D:5      | Found an ancient bone altar of Kikubaaqudgha.
  4844 | D:5      | Reached skill level 7 in Stealth
  5137 | D:5      | Reached XP level 8. HP: 34/34 MP: 9/9
  5140 | D:5      | Found a stormy altar of Qazlal.
  5170 | D:5      | Reached **** piety under Trog
  5310 | D:6      | Found a sacrificial altar of Ru.
  5340 | D:6      | Reached skill level 8 in Stealth
  5689 | D:6      | Found a snail-covered altar of Cheibriados.
  6060 | D:6      | Found a hazy altar of Hepliaklqana.
  6213 | D:6      | Found a blossoming altar of Fedhas.
  6223 | D:6      | Reached skill level 9 in Stealth
  6539 | D:6      | Found a glowing golden altar of the Shining One.
  6919 | D:6      | Found a broken altar of Ashenzari.
  7250 | D:7      | Slain by an orc warrior
  7251 | D:7      | Reached XP level 7. HP: -5/31 MP: 8/8
  7256 | D:7      | Found a staircase to the Ecumenical Temple.
  7289 | D:7      | Reached XP level 8. HP: 34/34 MP: 9/9
  7327 | D:7      | Reached skill level 10 in Stealth
  7442 | D:7      | Slain by an orc warrior

Illustrated notes

Levels and vault maps discovered:
D:1:      dpeg_arrival_rhombus, layout_loops_ring
D:2:      cheibrodos_fertilizer, layout_rooms, marbit_many_paths,
          okawaru_trees_1, uniq_jessica, uniq_natasha
D:3:      layout_loops_ring, lemuel_crystal_altar,
          eat_drink_and_be_merry_uskayaw, xom_teletrap_fun
D:4:      minmay_angry_zag, layout_rooms, uniq_ijyb
D:5:      layout_rooms, kennysheep_little_box, overflow_temple_1_default,
          nicolae_dithmenos_through_a_glass_darkly, gammafunk_ghost_arena
D:6:      layout_loops_corners, slow_altar_2, nicolae_overflow_hidden_temple,
          nicolae_overflow_crystal_walls, tso_metal_star, lemuel_round_altar,
          lemuel_coloured_pillars_altar, corexii_hall_statues_x,
          chequers_serial_rivers_small_3, kennysheep_path_1
D:7:      layout_rooms, grunt_temple_overflow_gold_and_silver, temple_statues,
          kennysheep_generic_room_4

Skill      XL: |  1  2  3  4  5  6  7  8 |
---------------+-------------------------+-----
Stealth        | 1 3 4 5 7 10 | 10.0
Unarmed Combat | 4 5 6 8 |  8.0
Dodging        | 5 7 8 |  8.0
Evocations     | 5 3 |  5.0
Fighting       | |  3.0

Action                   |  1- 3 |  4- 6 |  7- 9 || total
-------------------------+-------+-------+-------++-------
Melee: Unarmed           |    38 |   200 |   269 ||   507
       Bite              |       |    28 |    38 ||    66
       Punch             |       |     4 |     8 ||    12
Invok: Berserk           |     2 |     6 |     5 ||    13
       Trog's Hand       |       |       |     1 ||     1
  Use: Scroll            |       |     4 |    15 ||    19
       Potion            |       |     1 |       ||     1
 Stab: Sleeping          |     2 |     7 |    16 ||    25
       Distracted        |       |     1 |     3 ||     4
Armor: Skin              |     5 |    10 |    10 ||    25
Dodge: Dodged            |    33 |   168 |   206 ||   407
